 Dungeon Crawl Stone Soup version 0.31-a0-232-gb1c03b2570 (webtiles) character file.

Game seed: 10633006551224646853

42 qw the Shooter (level 3, -2/21 HPs)
             Began as a Gargoyle Hexslinger on July 6, 2023.
             Slain by an orc
             ... wielding a +0 falchion
              (3 damage)
             ... on level 3 of the Dungeon.
             The game lasted 00:00:28 (1582 turns).

qw the Shooter (Gargoyle Hexslinger)                Turns: 1582, Time: 00:00:29

Health: -2/21      AC:  8    Str: 11    XL:     3   Next: 56%
Magic:  4/4        EV: 10    Int: 13    God:
Gold:   14         SH:  0    Dex: 14    Spells: 3/4 levels left

rFire   . . .        Y - +1 sling
rCold   . . .        (no shield)
rNeg    + . .        b - +0 ring mail
rPois   inf          (no helmet)
rElec   +            (no cloak)
rCorr   .            (no gloves)
SInv    .            (no boots)
Will    .....        (no amulet)
Stlth   +            (no ring)
HPRegen 0.23/turn    (no ring)
MPRegen 0.09/turn

%: no passive effects
@: no status effects
A: sickness immunity, AC +3, negative energy resistance 1, electricity
resistance, torment resistance 1, petrification resistance
a: no special abilities


You were on level 3 of the Dungeon.
You visited 1 branch of the dungeon, and saw 3 of its levels.

You collected 135 gold pieces.
You spent 121 gold pieces at shops.


Innate Abilities, Weirdness & Mutations

You are immune to sickness and miasma.
Your stone body is resilient. (AC +3)
You are immune to poison.
You resist negative energy. (rN+)
You are resistant to electric shocks. (rElec)
You are resistant to unholy torment.
You are immune to petrification.


   Skills:
 - Level 2.0 Fighting
 + Level 3.5 Ranged Weapons
 - Level 1.5 Dodging
 - Level 1.0 Spellcasting
 - Level 2.6 Hexes


You had 3 spell levels left.
You knew the following spells:

 Your Spells              Type           Power      Damage    Failure   Level
a - Slow                  Hex            28%        N/A       22%         1

Your spell library contained the following spells:

 Spells                   Type           Power      Damage    Failure   Level
 Inner Flame              Hex/Fire       4%         N/A       75%         3
 Portal Projectile        Hex/Tloc       8%         N/A       75%         3
 Cause Fear               Hex            3%         N/A       92%         4

Inventory:

Hand Weapons
 Y - a +1 sling (weapon)
Armour
 b - a +0 ring mail (worn)
Potions
 a - a potion of haste {unknown}
 d - a potion of heal wounds {unknown}
 e - a potion of might {unknown}
 f - a potion of resistance
 g - 3 potions of curing
 i - a potion of cancellation

Dungeon Overview and Level Annotations

Branches:
Dungeon (3/15)

Altars:

Shops:
D:2 *


Message History

You shoot a sling bullet. The sling bullet hits the endoplasm.
The endoplasm is moderately wounded.
A giant cockroach comes into view.
The jackal misses you. The endoplasm freezes you.
You are frozen.
The jackal bites you but does no damage.
The giant cockroach moves out of view.
You shoot a sling bullet.
The sling bullet barely misses the endoplasm.
The sling bullet completely misses the orc.
The sling bullet hits the endoplasm.
The endoplasm is severely wounded.
The endoplasm freezes you.
You are frozen.
The jackal closely misses you.
The endoplasm hits you but does no damage.
You shoot a sling bullet. The sling bullet hits the endoplasm.
You kill the endoplasm!
The jackal bites you. x2
You shoot a sling bullet. The sling bullet barely misses the orc.
The sling bullet hits the hobgoblin.
The hobgoblin is moderately wounded.
The jackal closely misses you. The orc misses you.
The jackal bites you but does no damage.
You shoot a sling bullet.
The sling bullet closely misses the orc.
The sling bullet barely misses the hobgoblin.
The jackal bites you but does no damage.
The orc misses you. The jackal bites you. The orc hits you with a +0 falchion.
You shoot a sling bullet.
The sling bullet closely misses the orc.
The sling bullet hits the hobgoblin.
The hobgoblin is moderately wounded.
A bat comes into view.
The jackal bites you but does no damage.
The orc hits you with a +0 falchion. The jackal misses you.
You shoot a sling bullet. The sling bullet hits the orc.
The orc is almost dead.
The jackal bites you. The orc hits you with a +0 falchion.
You die...

... ..... ..#..
#.b... ......
...######gB....
........oK.....
##@h# #..##
######..#
######.......#
#..........###
#.........##
#....<...##
#........#
#........#


You could see an orc, a jackal, a giant cockroach, a hobgoblin, a bat and a
kobold.

Vanquished Creatures
  2 worms (D:2)
  A dart slug (D:1)
  A ball python (D:2)
  3 endoplasms
  2 goblins
  3 hobgoblins
  4 jackals
  4 quokkas
  2 bats (D:1)
  6 kobolds
  4 rats
32 creatures vanquished.

Notes
Turn   | Place    | Note
-------+----------+-------------------------------------------
     0 | D:1      | qw the Gargoyle Hexslinger began the quest for the Orb.
     0 | D:1      | Reached XP level 1. HP: 12/12 MP: 2/2
     0 | D:1      | 0 ||| qw: Version: 0.3-a-46-gb1f654a
     0 | D:1      | 0 ||| qw: Game counter: 2064
     0 | D:1      | 0 ||| qw: Melee chars always use a shield: true
     0 | D:1      | 0 ||| qw: God list: Okawaru
     0 | D:1      | 0 ||| qw: Allow faded altars: false
     0 | D:1      | 0 ||| qw: Do Orc after clearing Dungeon:15 true
     0 | D:1      | 0 ||| qw: Do second Lair branch before Depths: true
     0 | D:1      | 0 ||| qw: Lair rune preference: random
     0 | D:1      | 0 ||| qw: Goals: Normal
     0 | D:1      | 0 ||| PLANNING D:1-11
   294 | D:1      | Reached XP level 2. HP: 16/16 MP: 3/3
   470 | D:1      | Reached skill level 3 in Ranged Weapons
   646 | D:1      | 646 ||| READING scroll labelled ONAFEX HOMOOTUSO.
   647 | D:1      | 647 ||| READING scroll labelled AQYSUT ECZOG.
   648 | D:1      | 648 ||| DROPPING scroll of poison.
  1135 | D:2      | Reached XP level 3. HP: 21/21 MP: 4/4
  1447 | D:2      | Found Ducuk's General Store.
  1457 | D:2      | 1457 ||| BUYING potion of cancellation (88 gold).
  1457 | D:2      | Bought a potion of cancellation for 88 gold pieces
  1457 | D:2      | 1457 ||| BUYING potion of curing (33 gold).
  1457 | D:2      | Bought a potion of curing for 33 gold pieces
  1457 | D:2      | 1457 ||| SHOPLISTING potion of mutation (88 gold, have 9).
  1457 | D:2      | 1457 ||| SHOPLISTING scroll of identify (22 gold, have 9).
  1518 | D:2      | 1518 ||| UPGRADING to +0 ring mail.
  1528 | D:2      | 1528 ||| DROPPING +0 robe.
  1529 | D:2      | 1529 ||| READING scroll labelled CEEHUP QUSASA.
  1534 | D:2      | 1534 ||| DRINKING 2 glowing clear potions.
  1580 | D:3      | HP: 5/21 [orc/+0 falchion (2)]
  1582 | D:3      | HP: 1/21 [jackal (2)]
  1582 | D:3      | Slain by an orc

Levels and vault maps discovered:
D:1:      ncdulo_wetmaze, layout_basic, hangedman_decor_clover_reticule,
          minmay_misc_feat_more_columns, nicolae_twisty_statue_hallways
D:2:      layout_loops_corners, serial_shops, nicolae_lakefront_shop
D:3:      layout_rooms, nicolae_uskayaw_dance_hall, minmay_vboxes,
          uniq_crazy_yiuf_cottage

Skill      XL: |  1  2 |
---------------+-------+-----
Ranged Weapons | 3 |  3.5
Fighting       | 2 |  2.0
Dodging        | |  1.5
Spellcasting   | |  1.0
Hexes          | |  2.6

Action                     || total
---------------------------++-------
   Fire: Sling             ||   106
    Use: Scroll            ||     3
         Potion            ||     1
 Armour: Robe              ||    15
         Ring mail         ||    14
  Dodge: Dodged            ||    40

Table legend:
 A = Non-vault XP
 B = Vault XP
 C = Vault XP percentage of total XP
 D = Non-vault monster count
 E = Vault monster count
 F = Vault count percentage of total count
                 A         B        C        D         E       F
            +---------+---------+-------+---------+---------+-------
      Total |      59 |       2 |   3.3 |      31 |       1 |   3.1
            +---------+---------+-------+---------+---------+-------
        D:1 |      24 |       0 |   0.0 |      14 |       0 |   0.0
        D:2 |      28 |       0 |   0.0 |      13 |       0 |   0.0
        D:3 |       7 |       2 |  22.2 |       4 |       1 |  20.0
            +---------+---------+-------+---------+---------+-------
